 Dungeon Crawl Stone Soup version 0.25-a0-2-g6559c6c67a (webtiles) character file.

Game seed: 17521835046044660348, levelgen mode: deterministic

45393 Ablot the Thaumaturge (level 14, -2/110 HPs)
             Began as a Gnoll Skald on Oct 14, 2019.
             Was a High Priest of Okawaru.
             Slain by an 18-headed hydra (5 damage)
             ... on level 14 of the Dungeon.
             The game lasted 01:08:47 (15651 turns).

Ablot the Thaumaturge (Gnoll Skald)                Turns: 15651, Time: 01:08:48

Health: -2/110     AC: 22    Str: 24    XL:     14   Next: 32%
Magic:  28/28      EV: 18    Int: 16    God:    Okawaru [*****.]
Gold:   752        SH:  0    Dex: 15    Spells: 20/33 levels left

rFire    . . .     SeeInvis +   Z - +9 glaive of Patience {chop, +Fly rN+}
rCold    . . .     Gourm    .   (shield currently unavailable)
rNeg     + + .     Faith    .   R - quicksilver dragon scales
rPois    .         Spirit   .   q - +0 helmet
rElec    .         Reflect  .   x - +2 cloak {MR+}
rCorr    .         Harm     .   K - +0 pair of gloves
MR       +++..                  X - +2 pair of boots {Fly}
Stlth    +++.......             f - amulet of the Ageless Tales {RegenMP Str+6}
HPRegen  0.28/turn              y - ring of positive energy
MPRegen  0.46/turn              S - ring of see invisible

@: no status effects
A: distributed training, fangs 1, strong nose
a: Heroism, Finesse, Renounce Religion, Evoke Flight


You were on level 14 of the Dungeon.
You worshipped Okawaru.
Okawaru was extremely pleased with you.
You were not hungry.

You visited 2 branches of the dungeon, and saw 16 of its levels.
You also visited: Gauntlet.

You collected 752 gold pieces.

Inventory:

Hand Weapons
 A - a +2 fustibalus of velocity
 Z - the +9 glaive of Patience (weapon) {chop, +Fly rN+}
   (You took it off a human on level 13 of the Dungeon)

   It inflicts extra damage upon your enemies.
   It protects you from negative energy.
   It lets you fly.
Missiles
 c - 340 stones
 g - 76 sling bullets
 j - 265 arrows
 t - 42 poisoned darts (quivered)
 G - 11 curare-tipped darts
 I - 116 bolts
 M - 22 silver javelins
Armour
 q - a +0 helmet (worn)
 x - a +2 cloak of magic resistance (worn)
 K - a +0 pair of gloves (worn)
 R - quicksilver dragon scales (worn)
 X - a +2 pair of boots of flying (worn)
Jewellery
 f - the amulet of the Ageless Tales (around neck) {RegenMP Str+6}
   (You acquired it on level 10 of the Dungeon)

   [amulet of magic regeneration]

   It increases your magic regeneration.
   It affects your strength (+6).
 y - a ring of positive energy (left hand)
 N - an uncursed ring of positive energy
 Q - an uncursed ring of protection from cold
 S - a ring of see invisible (right hand)
 T - an uncursed ring of ice
Wands
 r - a wand of disintegration (14)
 u - a wand of acid (5)
 z - a wand of digging (4)
 F - a wand of enslavement (5)
 H - a wand of paralysis (16)
 Y - a wand of flame (20)
Scrolls
 a - a scroll of noise {unknown}
 e - a scroll of summoning {unknown}
 i - 2 scrolls of magic mapping {unknown}
 k - a scroll of fear
 n - 2 scrolls of teleportation
 o - 3 scrolls of remove curse
 B - a scroll of amnesia
 L - a scroll of vulnerability {unknown}
Potions
 h - a potion of resistance {unknown}
 l - 2 potions of cancellation {unknown}
 p - 2 potions of magic
 s - 4 potions of lignification
 v - 9 potions of curing
 E - a potion of brilliance {unknown}
 O - 2 potions of haste {unknown}
 P - 4 potions of flight
 U - a potion of mutation {unknown}
Miscellaneous
 m - a lightning rod (4/4)
Comestibles
 d - 31 rations


   Skills:
 + Level 10.1 Fighting
 + Level 9.1 Short Blades
 + Level 9.1 Long Blades
 + Level 9.1 Axes
 + Level 9.1 Maces & Flails
 + Level 10.1 Polearms
 + Level 9.1 Staves
 + Level 9.1 Slings
 + Level 9.1 Bows
 + Level 9.1 Crossbows
 + Level 9.1 Throwing
 + Level 9.4 Armour
 + Level 10.1 Dodging
 + Level 9.1 Stealth
 + Level 9.1 Shields
 + Level 9.1 Unarmed Combat
 + Level 10.3 Spellcasting
 + Level 7.5 Conjurations
 + Level 7.5 Hexes
 + Level 9.4 Charms
 + Level 7.5 Summonings
 + Level 7.5 Necromancy
 + Level 7.5 Translocations
 + Level 7.5 Transmutations
 + Level 7.5 Fire Magic
 + Level 7.5 Ice Magic
 + Level 7.5 Air Magic
 + Level 7.5 Earth Magic
 + Level 7.5 Poison Magic
 + Level 9.9 Invocations
 + Level 9.1 Evocations


You had 20 spell levels left.
You knew the following spells:

 Your Spells              Type           Power        Failure   Level  Hunger
a - Infusion              Chrm           ####         1%          1    None
b - Song of Slaying       Chrm           #####...     1%          2    None
c - Shroud of Golubria    Chrm/Tloc      #####.       1%          2    None
d - Regeneration          Chrm/Necr      #####.....   1%          3    None
e - Spectral Weapon       Hex/Chrm       #####...     1%          3    None
f - Beastly Appendage     Tmut           ####..       1%          1    None
g - Summon Butterflies    Summ           ####....     1%          1    None

Your spell library contained the following spells:

 Spells                   Type           Power        Failure   Level  Hunger
 Call Canine Familiar     Summ           ####....     1%          3    None
 Petrify                  Tmut/Erth      ####....     5%          4    ###....
 Summon Ice Beast         Ice/Summ       ####....     5%          4    ###....
 Alistair's Intoxication  Tmut/Pois      ####....     16%         5    #####..
 Summon Mana Viper        Hex/Summ       ####....     16%         5    #####..
 Dragon Form              Tmut           ####......   99%         7    #######
 Summon Hydra             Summ           ####......   99%         7    #######


Dungeon Overview and Level Annotations

Branches:
Dungeon (15/15)            Temple (1/1) D:6            Lair (0/6) D:11
    Orc (0/2) D:11         Vaults (0/5) D:13         Depths (0/5) D:15
Gauntlet (visited)

Altars:
Ashenzari
Cheibriados
Dithmenos
Elyvilon
Fedhas
Gozag
Hepliaklqana
Kikubaaqudgha
Makhleb
Nemelex Xobeh
Okawaru
Qazlal
Ru
Sif Muna
Trog
Uskayaw
Vehumet
Wu Jian
Xom
Yredelemnul
Zin
The Shining One

Shops:
D:5 =   D:7 (   D:14 [

Annotations:
D:2 Trapped Angel and Demon
D:3 1 runed translucent door, Linguinho's ghost, amateur GrFi
D:4 1 runed translucent door
D:12 exclusion: wizard


Innate Abilities, Weirdness & Mutations

Your experience applies equally to all skills.
You have very sharp teeth.
Your uncanny sense of smell can sniff out nearby items.


Message History

The 18-headed hydra misses you. x3; The 18-headed hydra bites you.
* * * LOW HITPOINT WARNING * * *
The 18-headed hydra barely misses you. The 18-headed hydra misses you.
The 18-headed hydra barely misses you.
Unknown command.
Okay, then.
Okay, then.
You feel much better. The 18-headed hydra bites you!
* * * LOW HITPOINT WARNING * * *
The 18-headed hydra barely misses you. The 18-headed hydra closely misses you.
The 18-headed hydra barely misses you. x2; The 18-headed hydra misses you.
The 18-headed hydra completely misses you.
The 18-headed hydra bites you but does no damage. x2
The 18-headed hydra closely misses you. x4; The 18-headed hydra misses you.
The 18-headed hydra bites you!
* * * LOW HITPOINT WARNING * * *
The 18-headed hydra bites you!
* * * LOW HITPOINT WARNING * * *
The 18-headed hydra barely misses you. The 18-headed hydra bites you.
You die...

.......# .......# ....)..#
.......# ###########
.......#####.........############
.................................
...........#.#######.###########.
######.###.#.#.....![∩/........#.
...............D@....##..#####.#.
#####.###.####.#.#.......# #.#.
#.#.....##.#.....#...# #.#.
#.#.#.####.....#.#...# #.#.
#.#.._..#..#.#...#...#####.#. ##
#.###.#.#..#.#..<#.........#.
.####.#.....#..#.#.#.#.>########.
.'....###.###..#...#.#.........#.
.####.###.#....#####.##.######.#.


You could see a 18-headed hydra.

Vanquished Creatures
  A minotaur (Gauntlet)
  An ettin (D:14)
  2 vault guards (D:13)
  A hydra (D:13)
  4 two-headed ogres
  2 centaur warriors
  Erica (D:9)
  A tengu warrior (D:12)
  5 skeletal warriors (D:12)
  2 unseen horrors
  Pikel (D:5)
  3 cyclopes (D:13)
  2 deep elf magi
  3 manticores
  A smoke demon (Gauntlet)
  A gargoyle (D:14)
  4 centaur skeletons
  A hellion (Gauntlet)
  A kobold demonologist (D:14)
  A red devil (Gauntlet)
  A meliai (shapeshifter) (D:14)
  A tengu conjurer (D:13)
  4 trolls
  22 slime creatures
  5 hippogriffs
  Sigmund (D:4)
  10 flying skulls (Gauntlet)
  3 vampires
  A wyvern (D:14)
  A shadow (D:15)
  A wraith (D:12)
  Eustachio (D:6)
  9 humans
  41 yaks
  4 hogs (D:7)
  3 hungry ghosts
  3 vampire mosquitoes (D:14)
  Menkaure (D:6)
  A soldier ant (D:13)
  A water moccasin (D:6)
  Duvessa (D:4)
  2 ice beasts
  3 phantoms
  A hornet zombie (D:14)
  6 ogres
  7 orc warriors
  4 sky beasts
  A black bear (D:6)
  A necrophage (D:7)
  A crocodile (D:12)
  A big kobold (D:9)
  6 centaurs
  Blork the orc (D:4)
  7 bullfrogs
  A water moccasin zombie (D:8)
  Dowan (D:4)
  3 scorpions
  13 killer bees
  4 wights
  4 howler monkeys
  12 crimson imps
  2 quasits
  9 hounds
  5 human zombies (D:7)
  4 bullfrog skeletons
  21 orc wizards
  A jelly (D:14)
  8 orc priests
  Crazy Yiuf (D:3)
  An iguana (D:5)
  Ijyb (D:5)
  17 worker ants
  An ogre skeleton (D:7)
  2 hound zombies
  3 mummies (D:7)
  A worker ant zombie (D:9)
  Robin (D:3)
  3 gnolls
  11 adders
  2 river rats (D:3)
  3 shadow imps
  An adder zombie (D:7)
  An adder skeleton (D:8)
  3 worms
  3 dart slugs
  7 leopard geckos
  61 orcs
  8 bats
  11 giant cockroaches
  10 goblins
  7 hobgoblins
  7 jackals
  10 quokkas
  A ball python (D:3)
  3 frilled lizards
  A jackal skeleton (D:2)
  11 kobolds
  An orc zombie (D:7)
  8 rats
483 creatures vanquished.

Vanquished Creatures (others)
  An unseen horror (D:14)
  A human (D:13)
  A shadow imp (D:9)
  A giant cockroach (D:2)
  3 demonic plants (Gauntlet)
  13 spectral weapons
20 creatures vanquished.

Grand Total: 503 creatures vanquished

Notes
Turn   | Place    | Note
-------+----------+-------------------------------------------
     0 | D:1      | Ablot the Gnoll Skald began the quest for the Orb.
     0 | D:1      | Reached XP level 1. HP: 20/20 MP: 6/6
   146 | D:1      | Reached XP level 2. HP: 25/26 MP: 7/7
   150 | D:1      | Learned a level 2 spell: Song of Slaying
   153 | D:1      | Learned a level 2 spell: Shroud of Golubria
   281 | D:1      | Found a sparkling altar of Nemelex Xobeh.
   571 | D:1      | Reached XP level 3. HP: 31/31 MP: 9/9
   707 | D:1      | Learned a level 3 spell: Regeneration
   711 | D:1      | Learned a level 3 spell: Spectral Weapon
   716 | D:2      | Reached skill level 5 in Spellcasting
   847 | D:2      | Reached skill level 1 in Invocations
   983 | D:2      | Reached skill level 1 in Short Blades
   983 | D:2      | Reached skill level 1 in Long Blades
   983 | D:2      | Reached skill level 1 in Axes
   983 | D:2      | Reached skill level 1 in Maces & Flails
   983 | D:2      | Reached skill level 1 in Staves
   983 | D:2      | Reached skill level 1 in Slings
   983 | D:2      | Reached skill level 1 in Bows
   983 | D:2      | Reached skill level 1 in Crossbows
   983 | D:2      | Reached skill level 1 in Throwing
   983 | D:2      | Reached skill level 1 in Stealth
   983 | D:2      | Reached skill level 1 in Shields
   983 | D:2      | Reached skill level 1 in Unarmed Combat
   983 | D:2      | Reached skill level 1 in Evocations
   988 | D:2      | Reached XP level 4. HP: 26/38 MP: 1/11
  1117 | D:2      | Found a glowing golden altar of the Shining One.
  1119 | D:2      | Noticed an angel
  1342 | D:2      | Found a basalt altar of Yredelemnul.
  1344 | D:2      | Noticed a profane servitor
  1580 | D:3      | Noticed Robin
  1631 | D:3      | Killed Robin
  1631 | D:3      | Reached skill level 1 in Conjurations
  1631 | D:3      | Reached skill level 1 in Hexes
  1631 | D:3      | Reached skill level 1 in Summonings
  1631 | D:3      | Reached skill level 1 in Necromancy
  1631 | D:3      | Reached skill level 1 in Translocations
  1631 | D:3      | Reached skill level 1 in Transmutations
  1631 | D:3      | Reached skill level 1 in Fire Magic
  1631 | D:3      | Reached skill level 1 in Ice Magic
  1631 | D:3      | Reached skill level 1 in Air Magic
  1631 | D:3      | Reached skill level 1 in Earth Magic
  1631 | D:3      | Reached skill level 1 in Poison Magic
  1681 | D:3      | Found a runed translucent door.
  1681 | D:3      | Noticed a bullfrog
  1829 | D:3      | Reached XP level 5. HP: 43/43 MP: 2/12
  1838 | D:3      | Noticed Linguinho's ghost (amateur GrFi)
  2189 | D:3      | Found a snail-covered altar of Cheibriados.
  2735 | D:3      | Found a runed translucent door.
  2738 | D:3      | Noticed Crazy Yiuf
  2747 | D:3      | Killed Crazy Yiuf
  2897 | D:4      | Reached XP level 6. HP: 50/50 MP: 6/13
  2917 | D:4      | Found a white marble altar of Elyvilon.
  2925 | D:4      | Found a runed translucent door.
  2925 | D:4      | Noticed an angel
  2987 | D:4      | Found a stormy altar of Qazlal.
  3133 | D:4      | Noticed Blork the orc
  3200 | D:4      | Noticed Duvessa
  3223 | D:4      | Killed Duvessa
  3223 | D:4      | Reached skill level 5 in Fighting
  3223 | D:4      | Reached skill level 5 in Polearms
  3223 | D:4      | Reached skill level 5 in Dodging
  3619 | D:4      | Found a sparkling altar of Nemelex Xobeh.
  3628 | D:4      | Noticed Sigmund
  3675 | D:4      | Reached XP level 7. HP: 56/56 MP: 10/15
  3724 | D:4      | Noticed Dowan
  3737 | D:4      | Killed Dowan
  3761 | D:4      | Killed Blork the orc
  3934 | D:4      | Killed Sigmund
  3979 | D:5      | Entered Level 5 of the Dungeon
  3979 | D:5      | Noticed Ijyb
  4146 | D:5      | Found Qonowa Iloa's Jewellery Boutique.
  4163 | D:5      | Reached XP level 8. HP: 14/63 MP: 8/16
  4173 | D:5      | Killed Ijyb
  4272 | D:5      | Found a shimmering altar of Xom.
  4356 | D:5      | Noticed Pikel
  4369 | D:5      | Killed Pikel
  4537 | D:5      | Found a shimmering altar of Xom.
  4649 | D:5      | Reached skill level 5 in Short Blades
  4649 | D:5      | Reached skill level 5 in Long Blades
  4649 | D:5      | Reached skill level 5 in Axes
  4649 | D:5      | Reached skill level 5 in Maces & Flails
  4649 | D:5      | Reached skill level 5 in Staves
  4649 | D:5      | Reached skill level 5 in Slings
  4649 | D:5      | Reached skill level 5 in Bows
  4649 | D:5      | Reached skill level 5 in Crossbows
  4649 | D:5      | Reached skill level 5 in Throwing
  4649 | D:5      | Reached skill level 5 in Stealth
  4649 | D:5      | Reached skill level 5 in Shields
  4649 | D:5      | Reached skill level 5 in Unarmed Combat
  4649 | D:5      | Reached skill level 5 in Evocations
  4649 | D:5      | Reached XP level 9. HP: 72/72 MP: 17/20
  4815 | D:6      | Noticed Menkaure
  4827 | D:6      | Killed Menkaure
  4949 | D:6      | Reached XP level 10. HP: 31/79 MP: 21/21
  5470 | D:6      | Noticed Eustachio
  5487 | D:6      | Killed Eustachio
  5626 | D:6      | Found a staircase to the Ecumenical Temple.
  5646 | Temple   | Entered the Ecumenical Temple
  5793 | Temple   | Became a worshipper of Warmaster Okawaru
  5968 | D:6      | Found a radiant altar of Vehumet.
  5969 | D:6      | Found a burning altar of Makhleb.
  6061 | D:7      | Found Ubegy's Antique Weapon Boutique.
  6668 | D:7      | Found an ancient bone altar of Kikubaaqudgha.
  6686 | D:7      | Reached * piety under Okawaru
  6812 | D:7      | Reached skill level 5 in Conjurations
  6812 | D:7      | Reached skill level 5 in Hexes
  6812 | D:7      | Reached skill level 5 in Summonings
  6812 | D:7      | Reached skill level 5 in Necromancy
  6812 | D:7      | Reached skill level 5 in Translocations
  6812 | D:7      | Reached skill level 5 in Transmutations
  6812 | D:7      | Reached skill level 5 in Fire Magic
  6812 | D:7      | Reached skill level 5 in Ice Magic
  6812 | D:7      | Reached skill level 5 in Air Magic
  6812 | D:7      | Reached skill level 5 in Earth Magic
  6812 | D:7      | Reached skill level 5 in Poison Magic
  7451 | D:8      | Noticed a manticore
  7467 | D:8      | Killed a manticore
  7470 | D:8      | Reached ** piety under Okawaru
  7623 | D:8      | Reached XP level 11. HP: 83/85 MP: 16/23
  7789 | D:8      | Found a shimmering blue altar of Sif Muna.
  7864 | D:8      | Found a hide-covered altar of Uskayaw.
  7976 | D:8      | Noticed a two-headed ogre
  7992 | D:8      | Killed a two-headed ogre
  8428 | D:9      | Noticed Erica
  8450 | D:8      | Reached *** piety under Okawaru
  8663 | D:9      | Killed Erica
  8991 | D:9      | Found a bloodstained altar of Trog.
  9092 | D:9      | Found a shadowy altar of Dithmenos.
  9175 | D:10     | Entered Level 10 of the Dungeon
  9371 | D:10     | Identified a scroll of acquirement
  9372 | D:10     | Got a pitted diamond amulet
  9373 | D:10     | Identified the amulet of the Ageless Tales {RegenMP Str+6}
                  | (You acquired it on level 10 of the Dungeon)
  9482 | D:10     | Received a gift from Okawaru
  9630 | D:10     | Reached **** piety under Okawaru
  9805 | D:10     | Found a shattered altar of Ashenzari.
  9889 | D:11     | Reached XP level 12. HP: 94/94 MP: 20/24
  9900 | D:11     | Found a staircase to the Lair.
 10010 | D:11     | Found a staircase to the Orcish Mines.
 10173 | D:11     | Got a brightly glowing scale mail
 10579 | D:11     | Identified the +1 scale mail of the Prince of Darkness
                  | {Str+6} (You found it on level 11 of the Dungeon)
 10704 | D:11     | Noticed a two-headed ogre
 10717 | D:11     | Killed a two-headed ogre
 10717 | D:11     | Reached ***** piety under Okawaru
 11027 | D:12     | Noticed a two-headed ogre
 11060 | D:12     | Received a gift from Okawaru
 11061 | D:12     | Found the +2 pair of boots of the Assassin {Detection Stab+
                  | Stlth++}
 11065 | D:12     | Killed a two-headed ogre
 11771 | D:12     | Reached XP level 13. HP: 81/101 MP: 19/26
 12269 | D:13     | Noticed a vault guard
 12963 | D:13     | Received a gift from Okawaru
 13048 | D:13     | Noticed a vault guard
 13169 | D:13     | Found a glowing golden altar of the Shining One.
 13209 | D:13     | Found a gate to the Vaults.
 13263 | D:13     | Identified the +9 glaive of Patience {chop, +Fly rN+}
 13340 | D:13     | Killed a vault guard
 13375 | D:13     | Killed a vault guard
 13529 | D:14     | Found a gate leading to a gauntlet.
 13547 | Gauntlet | Entered a Gauntlet
 13547 | Gauntlet | Found a transporter.
 13547 | Gauntlet | Found a transporter.
 13548 | Gauntlet | Found a transporter.
 13548 | Gauntlet | Found a transporter.
 13551 | Gauntlet | Found a transporter.
 13551 | Gauntlet | Found a transporter.
 13553 | Gauntlet | Found a large runed translucent door.
 13554 | Gauntlet | Found a large runed translucent door.
 13555 | Gauntlet | Found a large runed translucent door.
 13555 | Gauntlet | Found a large runed translucent door.
 13555 | Gauntlet | Found a runed translucent door.
 13555 | Gauntlet | Found a runed translucent door.
 13556 | Gauntlet | Found a large runed translucent door.
 13556 | Gauntlet | Found a large runed translucent door.
 13556 | Gauntlet | Found a large runed translucent door.
 13556 | Gauntlet | Found a large runed translucent door.
 13557 | Gauntlet | Found a large runed translucent door.
 13557 | Gauntlet | Found a large runed translucent door.
 13558 | Gauntlet | Found a large runed translucent door.
 13558 | Gauntlet | Found a large runed translucent door.
 13559 | Gauntlet | Found a runed translucent gate.
 13559 | Gauntlet | Found a runed translucent gate.
 13559 | Gauntlet | Found a runed translucent gate.
 13561 | Gauntlet | Found a transporter.
 13565 | Gauntlet | Found a transporter.
 13586 | Gauntlet | Found a transporter.
 13607 | Gauntlet | Found a large runed translucent door.
 13607 | Gauntlet | Found a large runed translucent door.
 13610 | Gauntlet | Found a large runed translucent door.
 13610 | Gauntlet | Found a large runed translucent door.
 13679 | Gauntlet | Found a transporter.
 13681 | Gauntlet | Found a transporter.
 13697 | Gauntlet | Found a transporter.
 13981 | Gauntlet | Reached skill level 10 in Spellcasting
 14073 | Gauntlet | Got a translucent helmet
 14124 | Gauntlet | Identified the cursed +1 fustibalus "Socwavoa" {venom, rF-
                  | Str+4 SInv}
 14124 | Gauntlet | Noticed a minotaur
 14132 | Gauntlet | Killed a minotaur
 14170 | Gauntlet | Identified Toq Ave's Handbook of Moulding
 14217 | Gauntlet | Identified the +1 helmet "Wishaxt" {rPois rCorr Str-4
                  | Slay-6} (You found it in a Gauntlet)
 14246 | Gauntlet | Got a faintly humming robe
 14258 | Gauntlet | Identified the +1 robe of the Hart {rC+ Regen+} (You found
                  | it in a Gauntlet)
 14395 | D:14     | Found an opulent altar of Gozag.
 14487 | D:14     | Reached XP level 14. HP: 109/109 MP: 28/28
 14549 | D:14     | Reached skill level 10 in Fighting
 14549 | D:14     | Reached skill level 10 in Polearms
 14549 | D:14     | Reached skill level 10 in Dodging
 14943 | D:14     | Found Muob's Antique Armour Boutique.
 15262 | D:14     | Learned a level 1 spell: Beastly Appendage
 15264 | D:14     | Learned a level 1 spell: Summon Butterflies
 15281 | D:14     | Received a gift from Okawaru
 15342 | D:15     | Entered Level 15 of the Dungeon
 15400 | D:15     | Reached ****** piety under Okawaru
 15437 | D:15     | Found a staircase to the Depths.
 15650 | D:14     | HP: 2/110 [18-headed hydra (4)]
 15651 | D:14     | Slain by an 18-headed hydra

Levels and vault maps discovered:
D:1:      giann_bridges, layout_loops_ring, columned_hall_lemuel,
          nemelex_diamond_rough_becter
D:2:      layout_basic, grunt_temple_overflow_holy_war
D:3:      layout_basic, kennysheep_slug_shrine, portal_sewer_entry_e,
          first_ration, ebering_ghost_sewer_d, minmay_misc_feat_cross,
          uniq_crazy_yiuf_cottage, uniq_robin
D:4:      layout_layer_cave, kennysheep_mini_moat,
          nemelex_xobeh_ov_fountains_minmay, nicolae_ossuary_entry_ruins,
          lemuel_angel_altar, uniq_duvessa, uniq_blork_the_orc, uniq_sigmund
D:5:      layout_cave_pools, nicolae_overflow_crystal_walls, serial_shops,
          nicolae_shop_stone, minmay_tree_intersection, xom_teletrap_fun,
          uniq_ijyb, uniq_pikel
D:6:      kb_forest_paths, layout_loops_ring,
          grunt_temple_overflow_lords_of_destruction,
          minmay_temple_entry_poolview, kennysheep_generic_room_15,
          uniq_menkaure, uniq_eustachio
D:7:      layout_cave_pods, lemuel_mausoleum_altar_kikubaaqudgha, serial_shops,
          shop, grunt_livestock
D:8:      layout_loops_ring, led_sif_book, lemuel_crystal_altar,
          hangedman_abyss_or_decor_slice
D:9:      layout_loops_cross, marbit_many_paths, kennysheep_mini, uniq_erica
D:10:     layout_roguey, basic_altar
D:11:     layout_loops_ring, dpeg_oklobed_lair, david_orc_2
D:12:     layout_gridville
D:13:     layout_cave_pools, ximxim_vaults_locker_room, serial_column_ruins,
          column_ruins_temple_hut, column_ruins_hut_ruined,
          column_ruins_open_small, column_ruins_open_tiny,
          column_ruins_open_small, column_ruins_open_tiny,
          column_ruins_open_small, column_ruins_columns_dead_end,
          column_ruins_open_large
D:14:     nooodl_glass_maze, layout_basic, serial_shops, kennysheep_little_box,
          gauntlet_entry_generic, nicolae_gozag_cash_rules_everything_around_me
D:15:     hangedman_depths_entry_civil_slaughter, layout_cave_pools,
          basic_altar, hangedman_decor_growths
Temple:   jpeg_temple_island

Skill      XL: |  1  2  3  4  5  6  7  8  9 10 11 12 13 14 |
---------------+-------------------------------------------+-----
Spellcasting   | 5 7 8 9 10 | 10.3
Invocations    | 1 2 3 6 7 8 9 |  9.9
Short Blades   | 1 2 5 6 7 8 9 |  9.1
Long Blades    | 1 2 5 6 7 8 9 |  9.1
Axes           | 1 2 5 6 7 8 9 |  9.1
Maces & Flails | 1 2 5 6 7 8 9 |  9.1
Staves         | 1 2 5 6 7 8 9 |  9.1
Slings         | 1 2 5 6 7 8 9 |  9.1
Bows           | 1 2 5 6 7 8 9 |  9.1
Crossbows      | 1 2 5 6 7 8 9 |  9.1
Throwing       | 1 2 5 6 7 8 9 |  9.1
Stealth        | 1 2 5 6 7 8 9 |  9.1
Shields        | 1 2 5 6 7 8 9 |  9.1
Unarmed Combat | 1 2 5 6 7 8 9 |  9.1
Evocations     | 1 2 5 6 7 8 9 |  9.1
Conjurations   | 1 2 4 5 6 7 |  7.5
Hexes          | 1 2 4 5 6 7 |  7.5
Summonings     | 1 2 4 5 6 7 |  7.5
Necromancy     | 1 2 4 5 6 7 |  7.5
Translocations | 1 2 4 5 6 7 |  7.5
Transmutations | 1 2 4 5 6 7 |  7.5
Fire Magic     | 1 2 4 5 6 7 |  7.5
Ice Magic      | 1 2 4 5 6 7 |  7.5
Air Magic      | 1 2 4 5 6 7 |  7.5
Earth Magic    | 1 2 4 5 6 7 |  7.5
Poison Magic   | 1 2 4 5 6 7 |  7.5
Armour         | 3 6 7 8 9 |  9.4
Fighting       | 5 7 8 9 10 | 10.1
Polearms       | 5 7 8 9 10 | 10.1
Dodging        | 5 7 8 9 10 | 10.1
Charms         | 6 7 8 9 |  9.4

Action                   |  1- 3 |  4- 6 |  7- 9 | 10-12 | 13-15 || total
-------------------------+-------+-------+-------+-------+-------++-------
Melee: Spear             |   118 |   164 |       |       |       ||   282
       Bite              |     7 |    29 |    12 |   136 |    76 ||   260
       Trident           |       |   101 |   129 |  1027 |   233 ||  1490
       Punch             |       |     1 |     6 |    29 |    11 ||    47
       Short sword       |       |       |       |    20 |       ||    20
       Glaive            |       |       |       |       |   189 ||   189
 Fire: Shortbow          |       |       |       |     6 |       ||     6
Throw: Dart              |       |       |       |     8 |     3 ||    11
 Cast: Shroud of Golubri |     2 |    18 |    19 |    66 |    45 ||   150
       Infusion          |     2 |    10 |     7 |    14 |     6 ||    39
       Regeneration      |       |     7 |    10 |    43 |    26 ||    86
       Song of Slaying   |       |     3 |       |    21 |     5 ||    29
       Spectral Weapon   |       |     3 |     6 |    38 |    39 ||    86
Invok: Heroism           |       |       |       |     1 |     1 ||     2
 Abil: Stop Flying       |       |       |       |       |     1 ||     1
  Use: Scroll            |       |     2 |     4 |    13 |     2 ||    21
       Potion            |       |       |     1 |     1 |     3 ||     5
 Stab: Sleeping          |     2 |     2 |     2 |    44 |     8 ||    58
       Distracted        |       |       |       |     5 |     2 ||     7
       Invisible         |       |       |       |       |     4 ||     4
  Eat: Chunk             |       |    11 |     6 |    26 |    12 ||    55
       Ration            |       |       |       |       |     1 ||     1
Armor: Leather armour    |    17 |    37 |    13 |   181 |       ||   248
       Scale mail        |       |       |       |    80 |   156 ||   236
       Ring mail         |       |       |       |    13 |       ||    13
       Quicksilver drago |       |       |       |       |   111 ||   111
Dodge: Dodged            |    60 |   166 |    65 |   641 |   394 ||  1326
Block: Buckler           |       |       |       |       |     3 ||     3

Table legend:
 A = Non-vault XP
 B = Vault XP
 C = Vault XP percentage of total XP
 D = Non-vault monster count
 E = Vault monster count
 F = Vault count percentage of total count
                 A         B        C        D         E       F
            +---------+---------+-------+---------+---------+-------
      Total |   46154 |   16693 |  26.6 |     386 |      99 |  20.4
            +---------+---------+-------+---------+---------+-------
        D:1 |      37 |       0 |   0.0 |      18 |       0 |   0.0
        D:2 |      68 |       0 |   0.0 |      22 |       0 |   0.0
        D:3 |     150 |     120 |  44.4 |      29 |      23 |  44.2
        D:4 |     143 |     557 |  79.6 |       7 |       4 |  36.4
        D:5 |     294 |     687 |  70.0 |       9 |       2 |  18.2
        D:6 |    1464 |     646 |  30.6 |      30 |       8 |  21.1
        D:7 |     571 |    1472 |  72.1 |      20 |      17 |  45.9
        D:8 |    3676 |      79 |   2.1 |      34 |       2 |   5.6
        D:9 |     720 |     892 |  55.3 |      14 |       1 |   6.7
       D:10 |    4776 |       0 |   0.0 |      45 |       0 |   0.0
       D:11 |    3346 |      18 |   0.5 |      27 |       6 |  18.2
       D:12 |   14130 |     392 |   2.7 |      63 |       2 |   3.1
       D:13 |    7874 |    3284 |  29.4 |      31 |       9 |  22.5
       D:14 |    7717 |    2852 |  27.0 |      31 |       7 |  18.4
       D:15 |    1188 |     900 |  43.1 |       6 |       1 |  14.3
   Gauntlet |       0 |    4794 | 100.0 |       0 |      17 | 100.0
            +---------+---------+-------+---------+---------+-------
